 Dungeon Crawl Stone Soup version 0.31-a0-983-g7b6862f502 (webtiles) character file.

Game seed: 8972447487297257772

68 Vomitron the Slasher (level 4, 40/40 HPs)
             Began as a Minotaur Monk on Nov 2, 2023.
             Was a Follower of Yredelemnul.
             Quit the game on level 2 of the Dungeon.
             The game lasted 00:01:34 (1118 turns).

Vomitron the Slasher (Minotaur Monk)                Turns: 1118, Time: 00:01:35

Health: 40/40      AC:  8    Str: 15    XL:     4   Next: 1%
Magic:  3/3        EV:  8    Int:  7    God:    Yredelemnul [*.....]
Gold:   101        SH:  0    Dex: 15    Spells: 3/3 levels left

rFire   . . .        a - +0 falchion
rCold   . . .        d - orb {light}
rNeg    . . .        j - +0 chain mail
rPois   .            (helmet restricted)
rElec   .            (no cloak)
rCorr   .            (no gloves)
SInv    .            (no boots)
Will    .....        (no amulet) Stlth
                     (no ring)
HPRegen 0.26/turn    (no ring)
MPRegen 0.08/turn

%: no passive effects
@: glowing
A: horns 2, retaliatory headbutt
a: Renounce Religion, Recall Undead Harvest


You were on level 2 of the Dungeon.
You worshipped Yredelemnul.
Yredelemnul was noncommittal.
You visited 1 branch of the dungeon, and saw 2 of its levels.

You collected 101 gold pieces.

Inventory:

Hand Weapons
 a - a +0 falchion (weapon)
Armour
 b - a +0 robe
 d - an orb of light (worn)
 e - a +0 ring mail
 j - a +0 chain mail (worn)
Wands
 q - a wand of charming (7)
Scrolls
 g - a scroll of enchant armour {unknown}
 i - a scroll of enchant weapon {unknown}
 k - 3 scrolls of identify {unknown}
 l - a scroll of blinking {unknown}
 n - a scroll of silence {unknown}
 s - a scroll of immolation {unknown}
Potions
 c - a potion of ambrosia
 f - a potion of haste {unknown}
 h - a potion of magic {unknown}
 m - 2 potions of heal wounds {unknown}
 o - a potion of degeneration {unknown}
 p - a potion of curing {unknown}
 r - a potion of mutation {unknown}


   Skills:
 + Level 4.3 Fighting
 * Level 4.9 Long Blades
 + Level 2.0 Armour
 - Level 3.2 Dodging


You had 3 spell levels left.
You didn't know any spells.
Your spell library was empty.

Dungeon Overview and Level Annotations

Branches:
Dungeon (2/15)

Altars:
Yredelemnul


Innate Abilities, Weirdness & Mutations

You have a pair of horns on your head.
You reflexively headbutt those who attack you in melee.


Message History

The adder barely misses you. You furiously retaliate!
You headbutt the adder. You barely miss the adder. You headbutt the adder!
The adder is almost dead.
The adder barely misses you.
You slash the adder!
You kill the adder!
Your Armour skill increases to level 2!
You have reached level 4!
You feel agile.
You see here an adder corpse.
There is a stone staircase leading up here.
As you open the door, it creaks loudly!
Found 12 gold pieces and a scroll labelled PEIPNU GEXUE.
There is an open door here.
You now have 101 gold pieces (gained 12).
s - a scroll labelled PEIPNU GEXUE
There is an open door here.
You see here a frilled lizard corpse.
You open the door.
A bat comes into view.
The bat hits you but does no damage.
A bat is nearby!
A bat is nearby!
You barely miss the bat. The bat hits you but does no damage.
You barely miss the bat. The bat hits you but does no damage.
You slash the bat!
You kill the bat!
Found a faded altar of an unknown god.
There is an open door here.
No target in view!
Done exploring.
Done exploring.
Done exploring.
There is a faded altar of an unknown god here.
This altar belongs to (a) Yredelemnul, (b) Wu Jian or (c) Qazlal, but you can't tell which.
Press the corresponding letter to learn more about a god, or press enter to convert or escape to cancel.
Yredelemnul accepts your prayer! Yredelemnul welcomes you!
You can now reap souls.
You can now recall your undead harvest.
Okay, then.
Are you sure you want to abandon this character and quit the game? (Confirm with "yes".)

..........## #.#...#.###.##
..........# ###.......#...#
.....(....########...........####
..........##..............÷####..
######.###########.######...##...
#.# #†.#.#..#.88###......
#.######..ZZ#..#...# ###>...
#.##...#..#Z#..##'## #....
#....###..#@#......# #....
####..##..###..#...# #....
##..##....†.##### ##...
##...###...#8..# ##..
#......#####..## ###
#..............# #......#########
########


You could see 2 friendly adder zombies and a friendly giant cockroach zombie.

Vanquished Creatures
  2 adders (D:2)
  5 bats
  7 endoplasms
  A giant cockroach (D:2)
  2 goblins (D:2)
  11 hobgoblins
  4 jackals (D:1)
  2 quokkas (D:2)
  4 frilled lizards
  4 kobolds
  2 rats
44 creatures vanquished.

Notes
Turn   | Place    | Note
-------+----------+-------------------------------------------
     0 | D:1      | Vomitron the Minotaur Monk began the quest for the Orb.
     0 | D:1      | Reached XP level 1. HP: 19/19 MP: 0/0
    71 | D:1      | Reached XP level 2. HP: 26/27 MP: 1/1
   149 | D:1      | Reached skill level 1 in Armour
   349 | D:1      | Reached XP level 3. HP: 29/33 MP: 2/2
  1038 | D:2      | Reached XP level 4. HP: 40/40 MP: 3/3
  1114 | D:2      | Found a faded altar of an unknown god.
  1117 | D:2      | Prayed at the altar of an unknown god.
  1117 | D:2      | Became a worshipper of Yredelemnul the Dark
  1117 | D:2      | Reached * piety under Yredelemnul
  1118 | D:2      | Quit the game

Illustrated notes

Levels and vault maps discovered:
D:1:      minmay_arrival_loop, layout_basic
D:2:      layout_rooms, shapermc_ecumenical_altar_mp_vishouse

Skill      XL: |  1  2  3 |
---------------+----------+-----
Long Blades    | 4 |  4.9
Armour         | 1 2 |  2.0
Fighting       | 4 |  4.3
Dodging        | |  3.2

Action                     |  1- 3 |  4- 6 || total
---------------------------+-------+-------++-------
  Melee: Falchion          |    80 |     3 ||    83
         Headbutt          |    16 |       ||    16
 Armour: Robe              |     5 |       ||     5
         Chain mail        |    39 |     3 ||    42
         Ring mail         |     7 |       ||     7
  Dodge: Dodged            |    35 |       ||    35

Table legend: (Time is in decaauts)
 A = Elapsed time spent in this place.
 B = Non-inter-level travel time spent in this place.
 C = Inter-level travel time spent in this place.
 D = Time resting spent in this place.
 E = Time spent auto-exploring this place.
 F = Levels seen in this place.
 G = Mean time per level.
                   A        B        C        D        E       F      G
               +--------+--------+--------+--------+--------+-----+--------+
         Total |   1125 |   1116 |      9 |      0 |    855 |   2 |  562.5 |
       Dungeon |   1125 |   1116 |      9 |      0 |    855 |   2 |  562.5 |
               +--------+--------+--------+--------+--------+-----+--------+

Top non-repeatable levels by time:
     D:1: 654 daAuts
     D:2: 470 daAuts
